 Dungeon Crawl Stone Soup version 0.31-a0-354-g827e0957a7 (webtiles) character file.

Game seed: 4215946975694590304

1078 MacCMillion the Grappler (level 8, 0/60 HPs)
             Began as a Merfolk Shapeshifter on July 24, 2023.
             Slain by Pikel
             ... wielding a +2 whip of freezing
              (1 damage)
             ... on level 5 of the Dungeon.
             The game lasted 00:10:17 (6772 turns).

MacCMillion the Grappler (Merfolk Shapeshifter)     Turns: 6772, Time: 00:10:18

Health: 0/60       AC:  5    Str: 29    XL:     8   Next: 29%
Magic:  8/8        EV: 13    Int:  7    God:
Gold:   370        SH:  0    Dex: 15    Spells: 7/7 levels left

rFire   . .          .
                       - Unarmed
rCold   . . .        (no shield)
rNeg    . . .        s - +0 ring mail
rPois   .            (helmet currently unavailable)
rElec   .            (cloak currently unavailable)
rCorr   .            (gloves currently unavailable)
SInv    .            (boots currently unavailable)
Will    .....        (no amulet)
Stlth   +            m - +6 ring of strength
HPRegen 0.30/turn    t - +6 ring of strength
MPRegen 0.11/turn

%: no passive effects
@: beast-form
A: beast (slay +3), (nimble swimmer 2), mertail
a: Begin Untransformation


You were on level 5 of the Dungeon.
You were a hulking beast.
You visited 1 branch of the dungeon, and saw 6 of its levels.

You collected 370 gold pieces.

Inventory:

Missiles
 g - 38 poisoned darts
 i - 2 atropa-tipped darts
 x - a throwing net
Armour
 s - a +0 ring mail (worn)
 A - a +0 cloak
 B - a +0 pair of boots
 C - a +0 pair of gloves
Jewellery
 e - a ring of protection from fire
 k - a ring of positive energy
 m - a +6 ring of strength (left hand)
 t - a +6 ring of strength (right hand)
 v - a ring of poison resistance
Talismans
 c - a beast talisman
 z - a maw talisman
Wands
 y - a wand of quicksilver (8)
Scrolls
 a - a scroll of fear {unknown}
 d - 2 scrolls of noise {unknown}
 h - a scroll of silence {unknown}
 j - a scroll of teleportation {unknown}
 l - 2 scrolls of fog {unknown}
 o - a scroll of vulnerability {unknown}
 p - 2 scrolls of brand weapon {unknown}
 r - a scroll of enchant weapon {unknown}
 u - a scroll of revelation {unknown}
 w - a scroll of torment {unknown}
Potions
 b - 2 potions of lignification
 f - a potion of curing {unknown}
 n - 3 potions of invisibility
 q - 3 potions of might


   Skills:
 - Level 4.2 Fighting
 - Level 5.5 Dodging
 - Level 9.0 Unarmed Combat
 + Level 4.3 Shapeshifting


You had 7 spell levels left.
You didn't know any spells.
Your spell library contained the following spells:

 Spells                   Type           Power      Damage    Failure   Level
 Cigotuvi's Dreadful Rot  Necr/Pois/Air  0%         N/A       71%         2
 Dispel Undead            Necr           0%         3d6       100%        4
 Death Channel            Necr           0%         N/A       100%        6


Dungeon Overview and Level Annotations

Branches:
Dungeon (6/15)
 Temple: D:4-7

Altars:

Annotations:
D:5 Pikel


Innate Abilities, Weirdness & Mutations

You are a hulking beast.
Your limbs bulge with bestial killing power. (Slay +3)
((You are very nimble when in or above water. (Stealth+, EV+, Speed+++)))
Your lower body shifts to a powerful aquatic tail in water.


Message History

Pikel hits you with a +2 whip of freezing!
Pikel freezes you.
You barely miss Pikel.
Pikel is lightly wounded.
Pikel hits you with a +2 whip of freezing!
Pikel freezes you.
You hit Pikel.
Pikel is moderately wounded.
Pikel closely misses you.
You barely miss Pikel.
Pikel is moderately wounded.
Pikel hits you with a +2 whip of freezing!
Pikel freezes you.
You hit Pikel but do no damage.
Pikel is moderately wounded.
You punch Pikel!
Pikel is heavily wounded.
Pikel hits you with a +2 whip of freezing.
* * * LOW HITPOINT WARNING * * *
Pikel freezes you.
* * * LOW HITPOINT WARNING * * *
Unknown command.
Pikel hits you with a +2 whip of freezing!
* * * LOW HITPOINT WARNING * * *
Pikel freezes you.
* * * LOW HITPOINT WARNING * * *
You climb upwards.
There is a stone staircase leading down here.
Okay, then.
You fade into invisibility!
Pikel barely misses you.
Unknown command.
There is a stone staircase leading up here.
You flicker for a moment.
You flicker back into view.
Pikel attacks as you move away!
Pikel hits you with a +2 whip of freezing.
* * * LOW HITPOINT WARNING * * *
Pikel freezes you.
You die...

#
#...................######.#.
#
###.......[..#...............
# ##...##...........#........
# ##..####..##.....####.###.
# ##.####.#####.### ##.# #.
###### #......# ###...###..#
#. .....######...###
#.....##..## #.
####.)...##.#..####.#.#....##
#. #####....##..hK.....#...#
####
###..#######....##..###...
#####...#### #....##...#....
#..........###....##........
#....#####......#..##.......
#...<# #####..##.......... ##
#....# ##...##...#.#....
.########.#
##....##.###..#...
.......##.### #...#>##.#
##.....


You could see Pikel.

Vanquished Creatures
  Eustachio (D:5)
  Menkaure (D:6)
  An ogre (D:4)
  A phantom (D:4)
  A kobold brigand (D:4)
  2 jellies
  4 orc priests
  A sleepcap (D:3)
  2 iguanas (D:5)
  2 orc wizards
  16 gnolls
  An adder (D:2)
  A dart slug (D:3)
  12 orcs
  5 endoplasms
  3 giant cockroaches
  6 goblins
  9 hobgoblins
  5 quokkas
  7 ball pythons
  2 bats
  51 kobolds
  5 rats
139 creatures vanquished.

Notes
Turn   | Place    | Note
-------+----------+-------------------------------------------
     0 | D:1      | MacCMillion the Merfolk Shapeshifter began the quest for
                  | the Orb.
     0 | D:1      | Reached XP level 1. HP: 15/15 MP: 1/1
   297 | D:1      | Reached XP level 2. HP: 21/21 MP: 2/2
   600 | D:1      | Found a faded altar of an unknown god.
   641 | D:1      | Reached skill level 4 in Unarmed Combat
   916 | D:2      | Reached XP level 3. HP: 26/26 MP: 3/3
  1621 | D:3      | Reached skill level 5 in Unarmed Combat
  1621 | D:3      | Reached XP level 4. HP: 7/32 MP: 4/4
  2523 | D:4      | Noticed an ogre
  2938 | D:3      | Reached XP level 5. HP: 11/37 MP: 5/5
  3144 | D:4      | Reached skill level 6 in Unarmed Combat
  3653 | D:4      | Killed an ogre
  3654 | D:4      | Reached skill level 7 in Unarmed Combat
  3654 | D:4      | Reached XP level 6. HP: 43/43 MP: 6/6
  4295 | D:4      | Reached skill level 8 in Unarmed Combat
  4476 | D:4      | Reached XP level 7. HP: 48/48 MP: 7/7
  4852 | D:5      | Entered Level 5 of the Dungeon
  5219 | D:5      | HP: 2/52 [poisoned by an orc wizard]
  5427 | D:5      | Noticed Eustachio
  5449 | D:5      | Killed Eustachio
  5774 | D:5      | Reached XP level 8. HP: 56/58 MP: 8/8
  6043 | D:6      | Reached skill level 5 in Dodging
  6144 | D:6      | Noticed Menkaure
  6177 | D:6      | Killed Menkaure
  6178 | D:6      | Reached skill level 9 in Unarmed Combat
  6648 | D:6      | Noticed Pikel
  6749 | D:6      | HP: 1/60 [Pikel/+2 whip of freezing (4)]
  6772 | D:5      | HP: 1/60 [Pikel/+2 whip of freezing (6)]
  6772 | D:5      | Slain by Pikel

Illustrated notes

Levels and vault maps discovered:
D:1:      tarquinn_simple_flora_water_b, layout_basic,
          hellmonk_ecumenical_altar_run_dry, minmay_crystal_room,
          minmay_split_cup_small
D:2:      layout_loops_ring
D:3:      layout_loops_ring, kennysheep_minor_cross
D:4:      minmay_goblin_kobold_castle, layout_rooms, corexii_corridor_pit
D:5:      layout_rooms, uniq_eustachio
D:6:      layout_basic, hangedman_abyss_or_decor_jellyfish_corner, uniq_pikel,
          uniq_menkaure

Skill      XL: |  1  2  3  4  5  6  7  8 |
---------------+-------------------------+-----
Unarmed Combat | 4 5 7 8 9 |  9.0
Dodging        | 4 5 |  5.5
Fighting       | 3 4 |  4.2
Shapeshifting  | |  4.3

Action                     |  1- 3 |  4- 6 |  7- 9 || total
---------------------------+-------+-------+-------++-------
  Melee: Unarmed           |    76 |   140 |   118 ||   334
         Punch             |     5 |     4 |     6 ||    15
         Tailslap          |       |     6 |       ||     6
    Use: Scroll            |       |     3 |       ||     3
         Potion            |       |     1 |     1 ||     2
   Stab: Sleeping          |     2 |       |       ||     2
 Armour: Animal skin       |     4 |       |       ||     4
         Ring mail         |       |    29 |    24 ||    53
  Dodge: Dodged            |    43 |    82 |    78 ||   203

Table legend: (Time is in decaauts)
 A = Elapsed time spent in this place.
 B = Non-inter-level travel time spent in this place.
 C = Inter-level travel time spent in this place.
 D = Time resting spent in this place.
 E = Time spent auto-exploring this place.
 F = Levels seen in this place.
 G = Mean time per level.
                   A        B        C        D        E       F      G
               +--------+--------+--------+--------+--------+-----+--------+
         Total |   6642 |   6130 |    512 |   2014 |   2903 |   6 | 1107.0 |
       Dungeon |   6642 |   6130 |    512 |   2014 |   2903 |   6 | 1107.0 |
               +--------+--------+--------+--------+--------+-----+--------+

Top non-repeatable levels by time:
     D:4: 1900 daAuts
     D:3: 1713 daAuts
     D:5: 1047 daAuts
     D:1: 902 daAuts
     D:2: 616 daAuts
     D:6: 462 daAuts
